AoeStats
← Red Calypso

Black Forest

508131866Analyzed
4v4 RM · 11d ago on Sep 21, 2026· 40m 29s· 8 players
Game mode
Random Map
Map size
Large (8 player)
Population
200
Speed
Normal
Resources
Standard
Victory
Conquest
Starting age
Dark Age
Ending age
Imperial Age
RankedLock teamsTeams togetherTeam positionsShared explorationLock speedFull tech treeHidden civsTurbo modeCheats
Victory
Defeat
🇺🇸 Bengalis · United States
1477
+15
🇺🇸 Dravidians · United States
1476
+15
🇩🇪 Persians · Germany
1474
+16
🇦🇹 Dravidians · Austria
1389
+20
🇧🇷 Italians · Brazil
1519
-19
🇨🇴 Poles · Colombia
1474
-17
🇺🇸 Ethiopians · United States
1458
-16
🇧🇷 Burgundians · Brazil
1398
-14
MarioLogan
0:42 Loom
12:10 Feudal Age
15:47 Castle Age
14:02 Double-Bit Axe
14:35 Horse Collar
17:16 Bow Saw
28:46 Wheelbarrow
31:21 Imperial Age
29:19 Heavy Plow
29:18 Gold Mining
29:24 Stone Mining
30:33 Hand Cart
30:52 Ballistics
31:20 Gold Shaft Mining
31:21 Stone Shaft Mining
31:32 Squires
31:44 Forging
31:34 Scale Mail Armor
33:13 Chemistry
32:40 Conscription
32:37 Chain Mail Armor
32:28 Halberdier
33:46 Iron Casting
33:59 Plate Mail Armor
35:41 Blast Furnace
36:34 Fletching
37:44 Bodkin Arrow
Chigüiro
11:18 Feudal Age
15:22 Castle Age
13:49 Double-Bit Axe
13:45 Horse Collar
15:56 Scale Barding Armor
18:25 Loom
26:14 Stone Mining
29:39 Imperial Age
26:56 Pikeman
28:19 Scale Mail Armor
29:13 Squires
29:31 Chain Mail Armor
29:43 Heavy Plow
29:59 Bow Saw
30:54 Wheelbarrow
32:00 Conscription
33:53 Plate Mail Armor
34:22 Forging
34:10 Gold Mining
34:11 Onager
34:55 Fletching
35:33 Siege Engineers
35:27 Arson
36:55 Elite Obuch
Tuco_Parmera
4:07 Loom
12:02 Feudal Age
16:03 Castle Age
14:39 Double-Bit Axe
15:06 Fishing Lines
16:38 Gillnets
17:05 Bow Saw
23:42 Wheelbarrow
23:24 Horse Collar
25:05 Gold Mining
29:21 Imperial Age
27:13 Hand Cart
27:56 Stone Mining
28:08 Heavy Plow
27:58 Town Watch
28:40 Fletching
28:50 Padded Archer Armor
29:12 Ballistics
31:15 Chemistry
30:26 Masonry
31:20 Two-Man Saw
31:15 Crop Rotation
31:25 Leather Archer Armor
31:06 Bodkin Arrow
33:19 Pirotechnia
34:02 Ring Archer Armor
37:22 Conscription
37:39 Bracer
38:12 Architecture
37:26 Elite Genoese Crossbowman
38:13 Elite Genoese Crossbowman
Xtreme | Pr3da
0:54 Loom
12:40 Feudal Age
16:59 Double-Bit Axe
16:55 Horse Collar
17:38 Fletching
24:03 Castle Age
24:43 Scale Mail Armor
29:34 Wheelbarrow
33:05 Imperial Age
31:24 Ballistics
32:34 Gold Mining
32:55 Bow Saw
32:45 Heavy Plow
32:38 Stone Mining
33:40 Scale Barding Armor
33:45 Forging
33:44 Scale Mail Armor
33:58 Forging
35:06 Chemistry
33:46 Treadmill Crane
36:07 Conscription
35:40 Cavalier
36:20 Husbandry
36:58 Iron Casting
36:39 Chain Mail Armor
37:04 Masonry
37:06 Fortified Wall
37:20 Pikeman
38:00 Squires
38:28 Halberdier
40:09 Plate Mail Armor
40:39 Blast Furnace
Red Calypso
8:28 Loom
10:34 Feudal Age
10:51 Man-at-Arms
12:01 Arson
14:51 Double-Bit Axe
16:37 Fletching
22:22 Castle Age
23:21 Scale Mail Armor
23:31 Forging
23:42 Bow Saw
23:13 Pikeman
26:45 Wheelbarrow
26:46 Horse Collar
27:53 Heavy Plow
27:58 Town Watch
29:16 Hand Cart
32:06 Town Patrol
37:05 Imperial Age
37:06 Imperial Age
35:50 Iron Casting
35:32 Chain Mail Armor
37:21 Iron Casting
36:49 Squires
37:03 Fortified Wall
37:03 Masonry
37:32 Halberdier
38:47 Plate Mail Armor
39:20 Blast Furnace
38:17 Gold Mining
38:17 Stone Mining
39:31 Two-Man Saw
39:22 Conscription
40:20 Wootz Steel
NoobProElite
11:22 Feudal Age
12:34 Horse Collar
14:08 Loom
14:30 Fishing Lines
16:59 Castle Age
16:41 Double-Bit Axe
18:11 Bow Saw
18:04 Heavy Plow
18:17 Gillnets
21:52 Wheelbarrow
23:50 Hand Cart
24:07 Gold Mining
24:13 Stone Mining
27:09 Scale Barding Armor
27:15 Forging
27:46 Gold Shaft Mining
27:26 Caravan
30:21 Imperial Age
29:02 Chain Barding Armor
29:17 Iron Casting
28:41 Town Watch
29:08 Bloodlines
28:58 Husbandry
31:37 Paiks
31:53 Conscription
30:57 Elite Battle Elephant
32:18 Plate Barding Armor
33:02 Blast Furnace
33:35 Two-Man Saw
33:07 Crop Rotation
34:16 Guilds
35:35 Mahayana
35:36 Fletching
39:50 Coinage
TestofOne
0:51 Loom
12:16 Feudal Age
14:33 Horse Collar
14:40 Double-Bit Axe
14:43 Fishing Lines
17:21 Castle Age
21:17 Bow Saw
23:29 Heavy Plow
28:19 Wheelbarrow
27:19 Pikeman
28:02 Fletching
28:13 Padded Archer Armor
28:36 Squires
28:31 Gold Mining
28:28 Town Watch
29:10 Town Patrol
32:24 Imperial Age
30:30 Caravan
31:08 Scale Barding Armor
31:14 Forging
31:00 Bodkin Arrow
30:46 Elite Skirmisher
31:32 Thumb Ring
31:45 Husbandry
32:27 Elite Elephant Archer
33:09 Siege Elephant
34:35 Bracer
34:52 Leather Archer Armor
36:41 Stone Mining
38:36 Chemistry
38:40 Medical Corps
41:17 Ballistics
vR-MrReD
6:01 Loom
11:34 Feudal Age
14:58 Castle Age
13:54 Double-Bit Axe
20:13 Horse Collar
22:55 Gold Mining
22:56 Stone Mining
23:52 Fishing Lines
25:08 Gillnets
26:25 Wheelbarrow
26:15 Bow Saw
26:16 Heavy Plow
27:36 Caravan
28:07 Coinage
28:43 Stone Shaft Mining
28:43 Gold Shaft Mining
30:05 Scale Barding Armor
30:10 Forging
33:04 Imperial Age
30:51 Hand Cart
31:26 Chain Barding Armor
31:40 Kamandaran
33:07 Bloodlines
32:59 Husbandry
32:19 Light Cavalry
32:53 Town Watch
33:53 Conscription
33:15 Elite War Elephant
34:35 Crop Rotation
34:50 Iron Casting
35:07 Banking
35:36 Plate Barding Armor
37:23 Two-Man Saw
37:27 Blast Furnace
37:44 Chemistry
37:05 Ballistics
38:33 Citadels
38:29 Town Patrol
Connection lost

Rejoining the realm…

Still unreachable

The connection could not be restored.

Session expired

The server has moved on; the page needs a fresh start.